 Dungeon Crawl Stone Soup version 0.30-a0-1035-g38d5fb2972 (webtiles) character file.

Game seed: 3707084161363570566

770 greenreed the Magician (level 7, -11/32 HPs)
             Began as a Spriggan Conjurer on Apr 8, 2023.
             Mangled by a hornet (14 damage)
             ... on level 4 of the Dungeon.
             The game lasted 00:08:23 (4176 turns).

greenreed the Magician (Spriggan Conjurer)          Turns: 4176, Time: 00:08:24

Health: -11/32     AC:  3    Str:  3    XL:     7   Next: 53%
Magic:  16/18      EV: 19    Int: 22    God:
Gold:   169        SH:  0    Dex: 13    Spells: 16/19 levels left

rFire   . . .      SeeInvis +    (weapon restricted)
rCold   . . .      Faith    .    (no shield)
rNeg    . . .      Spirit   .    a - +0 robe
rPois   .          Reflect  .    (helmet restricted)
rElec   .          Rampage  .    c - +0 cloak
rCorr   .                        (gloves unavailable)
Will    +....                    (boots unavailable)
Stlth   ++                       (no amulet)
HPRegen 0.25/turn                (no ring)
MPRegen 0.16/turn                (no ring)

@: lethally poisoned (-11 -> -13), slowed, quick
A: very small, no large weapons, unfitting armour, see invisible, speed 3
a: no special abilities


You were on level 4 of the Dungeon.
You visited 1 branch of the dungeon, and saw 4 of its levels.

You collected 169 gold pieces.

Inventory:

Armour
 a - a +0 robe (worn)
 c - a +0 cloak (worn)
Jewellery
 e - a +6 ring of dexterity
Wands
 k - a wand of flame (8)
Scrolls
 f - 5 scrolls of teleportation {unknown}
 g - 2 scrolls of identify {unknown}
 j - 2 scrolls of poison {unknown}
 m - a scroll of magic mapping {unknown}
 n - 2 scrolls of amnesia {unknown}
 o - a scroll of enchant weapon {unknown}
 q - a scroll of fog {unknown}
 r - a scroll of noise {unknown}
Potions
 d - a potion of ambrosia {unknown}
 h - 2 potions of heal wounds {unknown}
 i - a potion of lignification {unknown}
 l - a potion of flight {unknown}
 p - a potion of might {unknown}


   Skills:
 + Level 5.4 Dodging
 - Level 3.2 Stealth
 * Level 6.9 Spellcasting
 * Level 5.0 Conjurations


You had 16 spell levels left.
You knew the following spells:

 Your Spells              Type           Power      Damage    Failure   Level
a - Magic Dart            Conj           100%       1d8       1%          1
b - Searing Ray           Conj           58%        2d6       1%          2

Your spell library contained the following spells:

 Spells                   Type           Power      Damage    Failure   Level
 Dazzling Flash           Conj/Hex       36%        N/A       9%          3
 Poisonous Vapours        Pois/Air       14%        N/A       13%         2
 Mephitic Cloud           Conj/Pois/Air  15%        N/A       13%         3
 Fulminant Prism          Conj/Hex       9%         3d6       28%         4
 Iskenderun's Mystic Bla  Conj/Tloc      18%        2d6       28%         4
 Freezing Cloud           Conj/Ice/Air   7%         6-21      75%         5
 Conjure Ball Lightning   Conj/Air       9%         3x3d6     99%         6
 Discord                  Hex            3%         N/A       100%        8
 Disjunction              Tloc           3%         N/A       100%        8


Dungeon Overview and Level Annotations

Branches:
Dungeon (4/15)             Temple (0/1) D:4

Altars:

Annotations:
D:4 3 runed translucent doors, Dowan; Duvessa; Pikel; Triskal's ghost, amateur DrTm


Innate Abilities, Weirdness & Mutations

You are very small and have problems with some larger weapons.
You are too small for most types of armour.
You have supernaturally acute eyesight. (SInv)
You cover ground extremely quickly. (Speed+++)


Message History

Casting: Magic Dart (safe; 1% risk of failure)
Confirm with . or Enter, or press ? or * to list all spells.
Aiming: Searing Ray (safe; 1% risk of failure)
Press: ? - help, Shift-Dir - straight line, f/p - hornet
Aim: a hornet (lightly wounded, 69% to hit)
The searing ray misses the hornet. (Press . to maintain the ray.)
The searing ray hits the hornet.
The hornet is moderately wounded.
The searing ray hits the hornet!
The hornet is heavily wounded.
The hornet stings you.
You are poisoned.
You suddenly lose the ability to move!
You feel very sick. The hornet stings you.
You feel yourself slow down. The hornet stings you!
You feel as though you will be slow longer.
You feel sick. The hornet stings you.
* * * LOW HITPOINT WARNING * * *
You feel as though you will be slow longer.
You can move again.
Unknown command.
Unknown command.
Unknown command.
Magic courses through your body.
* * * LOW HITPOINT WARNING * * *
You feel sick. The hornet stings you.
* * * LOW HITPOINT WARNING * * *
You feel as though you will be slow longer.
The hornet completely misses you. The hornet closely misses you.
Casting: Searing Ray (safe; 1% risk of failure)
Confirm with . or Enter, or press ? or * to list all spells.
Aiming: Searing Ray (safe; 1% risk of failure)
Press: ? - help, Shift-Dir - straight line, f/p - hornet
Aim: a hornet (heavily wounded, 69% to hit)
The searing ray misses the hornet. (Press . to maintain the ray.)
* * * LOW HITPOINT WARNING * * *
You feel sick. The hornet barely misses you. The hornet stings you!
You die...

######### .......@# #.$
.######y# #.. #)# ..
#[# #. #(# #.##
#######.######
###..#####............#
....K..(.)>#####.####.#
.###.#####.......# #.#


You could see a hornet.

Vanquished Creatures
  Grinder (D:4)
  Menkaure (D:4)
  A centaur (D:3)
  3 lemures (D:4)
  A howler monkey (D:4)
  An orc priest (D:4)
  A gnoll bouda (D:4)
  Natasha (twice) (D:2)
  An iguana (D:4)
  An orc wizard (D:4)
  Robin (D:1)
  6 gnolls
  3 adders
  8 orcs
  5 ball pythons
  2 bats
  2 endoplasms
  2 giant cockroaches
  5 hobgoblins
  10 jackals
  A quokka (D:2)
  5 frilled lizards
  15 goblins
  7 kobolds
  4 rats
89 creatures vanquished.

Vanquished Creatures (others)
  A goblin (D:4)
1 creature vanquished.

Grand Total: 90 creatures vanquished

Notes
Turn   | Place    | Note
-------+----------+-------------------------------------------
     0 | D:1      | greenreed the Spriggan Conjurer began the quest for the
                  | Orb.
     0 | D:1      | Reached XP level 1. HP: 9/9 MP: 5/5
   375 | D:1      | Reached skill level 3 in Spellcasting
   454 | D:1      | Reached XP level 2. HP: 13/13 MP: 4/7
  1099 | D:1      | Learned a level 2 spell: Searing Ray
  1353 | D:2      | Reached XP level 3. HP: 16/16 MP: 4/8
  1363 | D:2      | Noticed Robin
  1443 | D:1      | Killed Robin
  1890 | D:2      | Noticed Natasha
  1893 | D:2      | Killed Natasha
  1894 | D:2      | Reached skill level 4 in Spellcasting
  1894 | D:2      | Reached XP level 4. HP: 21/21 MP: 6/11
  1980 | D:2      | Noticed Natasha
  1992 | D:2      | Killed Natasha
  2591 | D:3      | Reached XP level 5. HP: 23/24 MP: 5/12
  3225 | D:4      | Noticed a centaur
  3231 | D:3      | Killed a centaur
  3232 | D:3      | Reached skill level 5 in Spellcasting
  3276 | D:4      | Reached XP level 6. HP: 28/28 MP: 9/14
  3313 | D:4      | Noticed Menkaure
  3319 | D:4      | Killed Menkaure
  3495 | D:4      | Found a runed translucent gate.
  3495 | D:4      | Found a runed translucent gate.
  3495 | D:4      | Found a runed translucent gate.
  3500 | D:4      | Noticed Triskal's ghost (amateur DrTm)
  3517 | D:4      | Noticed Grinder
  3522 | D:4      | Noticed a hornet
  3522 | D:4      | Paralysed by Grinder for 5 turns
  3524 | D:4      | Noticed Duvessa
  3526 | D:4      | Noticed Dowan
  3528 | D:4      | Killed Grinder
  3529 | D:4      | Reached skill level 5 in Dodging
  3529 | D:4      | Reached skill level 6 in Spellcasting
  3529 | D:4      | Reached XP level 7. HP: 17/32 MP: 6/17
  3757 | D:4      | Found a staircase to the Ecumenical Temple.
  3757 | D:4      | Noticed Pikel
  3951 | D:4      | Reached skill level 5 in Conjurations
  4172 | D:4      | Paralysed by a hornet for 3 turns
  4176 | D:4      | Mangled by a hornet

Illustrated notes

Levels and vault maps discovered:
D:1:      dpeg_arrival_prison, layout_loops_ring
D:2:      layout_basic, minmay_misc_feat_alley, uniq_natasha, uniq_robin
D:3:      layout_loops_cross
D:4:      dreamdust_elfheim, layout_loops_ring, minmay_temple_entry_large_hall,
          gammafunk_ghost_necromancy, hangedman_decor_lopped,
          grunt_ministairs_11, uniq_grinder, uniq_menkaure, uniq_pikel

Skill      XL: |  1  2  3  4  5  6  7 |
---------------+----------------------+-----
Conjurations   | 3 4 5 |  5.0
Spellcasting   | 3 4 5 6 |  6.9
Dodging        | 3 4 5 |  5.4
Stealth        | |  3.2

Action                     |  1- 3 |  4- 6 |  7- 9 || total
---------------------------+-------+-------+-------++-------
  Melee: Unarmed           |       |     1 |       ||     1
   Cast: Magic Dart        |    67 |    60 |    27 ||   154
         Searing Ray       |     5 |    10 |     8 ||    23
    Use: Potion            |       |       |     1 ||     1
 Armour: Robe              |     1 |     3 |       ||     4
  Dodge: Dodged            |     3 |    19 |     9 ||    31

Table legend: (Time is in decaauts)
 A = Elapsed time spent in this place.
 B = Non-inter-level travel time spent in this place.
 C = Inter-level travel time spent in this place.
 D = Time resting spent in this place.
 E = Time spent auto-exploring this place.
 F = Levels seen in this place.
 G = Mean time per level.
                   A        B        C        D        E       F      G
               +--------+--------+--------+--------+--------+-----+--------+
         Total |   3334 |   3238 |     96 |    459 |   2315 |   4 |  833.5 |
       Dungeon |   3334 |   3238 |     96 |    459 |   2315 |   4 |  833.5 |
               +--------+--------+--------+--------+--------+-----+--------+

Top non-repeatable levels by time:
     D:3: 1003 daAuts
     D:1: 983 daAuts
     D:2: 827 daAuts
     D:4: 520 daAuts
